Map: Lightshade LE

Players

milkicow - Winner!

  • Race: Terran Terran
  • League: Grandmaster
  • Spawn Location: 11:00

SouLeer

  • Race: Zerg Zerg
  • League: Grandmaster
  • Spawn Location: 5:00

Event: DreamHack SC2 Masters 2020 Winter

VOD

Have the link to the VOD?

Description

Time

  • Played on: Nov. 1, 2020, 1:20 p.m.
  • Length: 11:24

All games in this series

Show
View Real Time Build Order
Export as new Build Order

milkicow Terran - Winner!

Build Orders: Reaper Expand, Hellion Banshee 

Get SALT Encoding   

  12  0:00  SCV  
  13  0:12  SCV  
  14  0:17  Supply Depot  
  14  0:24  SCV  
  15  0:39  SCV  
  15  0:40  Barracks  
  16  0:43  Refinery  
  16  0:51  SCV  
  17  1:04  SCV  
  18  1:16  SCV  
  19  1:28  Orbital Command, Reaper  
  20  1:39  Command Center  
  20  1:48  Supply Depot  
  20  1:53  SCV  
  21  2:00  Marine  
  22  2:05  SCV  
  23  2:09  Factory  
  23  2:13  Refinery  
  23  2:20  SCV, Barracks Reactor  
  24  2:32  SCV  
  25  2:44  SCV  
  26  2:54  Starport  
  26  2:55  Orbital Command  
  26  2:56  SCV  
  27  3:05  Barracks Tech Lab  
  27  3:06  Hellion x2  
  27  3:08  SCV  
  27  3:12  Supply Depot  
  32  3:20  SCV  
  32  3:22  SCV  
  34  3:27  Hellion x2  
  34  3:32  SCV  
  39  3:34  SCV  
  39  3:38  Cloaking Field  
  39  3:41  Banshee  
  43  3:44  SCV  
  43  3:47  SCV  
  45  3:54  Hellion x2  
  49  4:00  SCV, Supply Depot  
  50  4:09  Barracks Tech Lab  
  50  4:10  SCV  
  50  4:12  SCV  
  52  4:21  Command Center  
  52  4:22  SCV  
  52  4:23  Banshee  
  56  4:24  SCV  
  56  4:30  Marine, Stimpack  
  58  4:35  Supply Depot, SCV  
  58  4:36  Factory Reactor  
  59  4:42  Barracks  
  59  4:45  Barracks  
  59  4:46  SCV  
  59  4:49  Marine, SCV  
  62  4:58  SCV  
  63  5:00  Engineering Bay  
  63  5:02  SCV  
  63  5:04  Engineering Bay  
  63  5:05  Refinery  
  63  5:07  Marine, Refinery  
  64  5:10  SCV  
  64  5:14  SCV  
  67  5:16  Starport Reactor  
  67  5:22  SCV  
  67  5:26  SCV, Terran Infantry Weapons Level 1  
  69  5:34  SCV  
  69  5:35  Marine x2  
  72  5:37  Siege Tank  
  72  5:38  SCV  
  72  5:39  Orbital Command  
  76  5:46  Marine, SCV  
  76  5:48  Marine  
  79  5:50  SCV  
  79  5:52  Marine  
  79  5:55  Supply Depot, Terran Infantry Armor Level 1  
  79  5:56  Barracks x2  
  81  5:58  SCV  
  81  6:01  Medivac  
  81  6:02  SCV  
  85  6:10  Orbital Command  
  85  6:17  Marine x2, SCV  
  88  6:18  Supply Depot, Marine  
  88  6:20  SCV, Marine  
  88  6:22  Medivac  
  93  6:32  Armory  
  93  6:36  Supply Depot  
  93  6:39  Marine  
  93  6:40  SCV x2, Siege Tank, Marine  
  93  6:42  Marine  
  93  6:44  Barracks Reactor  
  93  6:45  Barracks Reactor  
  101  6:49  Marine, Medivac  
  105  6:54  Supply Depot, SCV  
  105  6:55  Supply Depot  
  105  6:56  SCV  
  105  7:00  Supply Depot  
  104  7:02  Barracks  
  104  7:04  SCV  
  104  7:08  Marine x4  
  97  7:09  SCV  
  97  7:15  SCV  
  100  7:18  Combat Shield, Supply Depot  
  100  7:19  Barracks  
  99  7:25  Marine  
  99  7:26  Marine  
  99  7:28  Marine  
  99  7:29  Marine  
  92  7:30  Marine  
  92  7:32  Marine x3  
  92  7:33  Siege Tank, Medivac  
  92  7:35  Terran Infantry Weapons Level 2  
  101  7:43  Marine  
  101  7:44  Marine  
  103  7:46  Marine  
  103  7:47  Marine  
  103  7:48  Marine, SCV  
  103  7:50  Marine  
  103  7:51  Marine  
  109  7:52  Marine x2  
  111  7:59  SCV, Terran Infantry Armor Level 2  
  111  8:01  Marine x2  
  111  8:02  SCV  
  111  8:04  Marine  
  111  8:05  Marine  
  117  8:06  Marine  
  117  8:07  Marine  
  117  8:11  Marine x4  
  117  8:12  SCV  
  123  8:18  SCV  
  123  8:19  Marine x2  
  117  8:21  Siege Tank, Medivac x2, Marine  
  117  8:23  Marine, SCV  
  125  8:27  Supply Depot  
  125  8:29  Supply Depot x2  
  125  8:37  Supply Depot  
  125  8:38  Marine x7, SCV  
  133  8:48  Supply Depot  
  133  8:49  Marine x3, SCV  
  133  8:51  SCV  
  133  8:52  Supply Depot  
  138  8:55  Marine  
  138  8:57  Marine  
  138  9:01  Marine  
  138  9:02  Marine x4  
  144  9:06  Marine x2  
  144  9:07  Siege Tank, Medivac  
  144  9:08  Medivac  
  154  9:15  SCV x2  
  156  9:19  Command Center  
  156  9:21  Supply Depot  
  156  9:25  Marine  
  156  9:26  Marauder  
  154  9:32  Marine  
  154  9:33  Marine  
  154  9:34  Marine x2  
  154  9:35  Marine x2  
  154  9:37  Marine  
  155  9:40  Marine  
  155  9:43  SCV x2, Marine  
  155  9:45  SCV  
  155  9:47  Marine  
  155  9:51  Marine  
  155  9:52  Marine x2  
  159  9:55  SCV x2  
  159  9:57  Marine  
  159  9:59  Marine  
  159  10:03  Barracks Tech Lab  
  158  10:07  Factory  
  158  10:09  Armory, Marine, Marauder  
  158  10:10  Barracks Reactor  
  158  10:12  Marine x4  
  157  10:14  SCV  
  154  10:24  Marine  
  154  10:25  Marine x3  
  154  10:27  Marine, SCV  
  149  10:29  Marine  
  149  10:30  Marine  
  149  10:31  Marauder  
  149  10:34  Marine  
  149  10:35  Marine  
  154  10:36  Siege Tank  
  154  10:42  Marine  
  154  10:43  Marine x2  
  154  10:44  Marauder  
  154  10:45  Marine  
  154  10:47  Marine  
  154  10:48  Marine  
  159  10:50  Medivac  
  159  10:52  Marine, Marauder  
  159  10:53  Marine  
  165  11:00  Marine  
  165  11:01  Marine x2  
  165  11:02  Marine  
  154  11:05  Marine x3  
  154  11:08  SCV  
Show
View Real Time Build Order
Export as new Build Order

SouLeer Zerg 

Build Orders: Hatch First 

Get SALT Encoding   

  12  0:00  Drone  
  13  0:12  Overlord  
  13  0:16  Drone  
  14  0:31  Drone x2  
  16  0:48  Hatchery  
  15  0:52  Drone  
  15  0:56  Drone  
  17  1:01  Drone  
  18  1:10  Extractor  
  17  1:16  Spawning Pool  
  16  1:19  Drone  
  16  1:22  Drone  
  18  1:29  Drone  
  19  1:39  Drone  
  20  1:51  Overlord  
  20  2:02  Queen x2  
  20  2:03  Zergling x4  
  26  2:11  Drone x2  
  28  2:26  Hatchery  
  27  2:30  Hatchery  
  27  2:32  Drone  
  28  2:37  Drone  
  28  2:39  Drone  
  28  2:42  Spore Crawler  
  27  2:45  Drone  
  27  2:49  Queen  
  31  2:53  Drone  
  31  2:57  Metabolic Boost  
  32  3:00  Drone  
  32  3:01  Drone  
  34  3:06  Overlord  
  34  3:09  Drone  
  35  3:13  Drone  
  35  3:14  Overlord  
  36  3:24  Drone x2  
  36  3:25  Drone x2  
  40  3:28  Queen  
  40  3:31  Overlord  
  42  3:36  Drone  
  44  3:41  Zergling x2  
  44  3:43  Zergling x4  
  44  3:44  Zergling x4  
  44  3:48  Queen  
  48  3:53  Baneling Nest  
  48  3:55  Drone  
  50  3:57  Drone x2  
  50  3:59  Drone  
  50  4:02  Drone x2  
  55  4:05  Overlord  
  55  4:07  Drone  
  56  4:12  Queen  
  58  4:17  Overlord  
  58  4:19  Overlord  
  58  4:24  Drone x2  
  58  4:25  Drone x2  
  58  4:28  Spore Crawler  
  58  4:30  Spore Crawler  
  60  4:31  Spore Crawler  
  60  4:36  Drone x3  
  60  4:38  Zergling x2  
  63  4:41  Zergling x4  
  63  4:43  Zergling x2  
  66  4:46  Zergling x6  
  66  4:51  Drone x2  
  71  4:54  Lair  
  71  4:56  Drone x2  
  71  4:58  Drone  
  74  5:03  Drone  
  74  5:05  Drone x2  
  76  5:08  Extractor  
  76  5:13  Drone x3  
  78  5:15  Overlord  
  78  5:16  Drone  
  78  5:17  Queen  
  81  5:23  Overlord x2  
  81  5:28  Evolution Chamber  
  81  5:30  Evolution Chamber  
  81  5:31  Drone x2  
  81  5:33  Drone x3  
  81  5:34  Drone x3  
  87  5:38  Extractor x2  
  87  5:40  Drone  
  87  5:41  Drone x3, Extractor  
  88  5:43  Extractor  
  88  5:44  Drone  
  88  5:47  Drone  
  88  5:51  Drone  
  88  5:53  Drone x3  
  92  5:59  Drone  
  92  6:00  Drone x2  
  92  6:02  Zerg Melee Weapons Level 1  
  92  6:03  Zerg Ground Armor Level 1  
  90  6:04  Drone x3  
  90  6:07  Overseer  
  90  6:08  Overlord  
  86  6:19  Drone x3  
  89  6:28  Hatchery  
  89  6:31  Overlord  
  86  6:36  Zergling x2  
  86  6:37  Zergling x18, Centrifical Hooks  
  94  6:46  Zergling x6  
  96  6:48  Zergling x4  
  96  6:49  Zergling x4  
  96  6:53  Spire  
  99  6:58  Zergling x6  
  99  7:05  Drone x2  
  99  7:06  Drone  
  99  7:07  Drone  
  99  7:08  Drone  
  102  7:10  Baneling x13  
  102  7:12  Drone  
  102  7:14  Drone x3  
  106  7:24  Drone x3  
  106  7:25  Drone x3  
  105  7:33  Queen  
  107  7:37  Overlord  
  107  7:42  Overlord  
  107  7:51  Zergling x2  
  107  7:52  Zergling x22  
  118  8:00  Overlord  
  118  8:01  Zerg Melee Weapons Level 2, Zerg Ground Armor Level 2  
  117  8:09  Zergling x14  
  119  8:13  Baneling x5  
  119  8:19  Zergling x16  
  115  8:30  Overlord  
  115  8:31  Zergling x12  
  115  8:32  Baneling x8  
  121  8:41  Zergling x16  
  125  8:48  Zergling x14  
  134  8:56  Zergling x4  
  134  8:57  Zergling x4  
  134  9:05  Zergling x2  
  134  9:06  Zergling x10  
  134  9:07  Baneling x8  
  134  9:09  Zergling x6  
  139  9:15  Zergling x8  
  139  9:16  Zergling x4  
  143  9:20  Zergling x2  
  142  9:25  Zergling x8  
  141  9:33  Zergling x8  
  141  9:36  Zergling x6  
  141  9:37  Zergling x2  
  125  9:41  Zergling x4  
  125  9:45  Zergling x8  
  120  9:46  Zergling x2  
  120  9:48  Zergling x2  
  120  9:49  Queen  
  124  9:53  Baneling x13  
  124  9:56  Zergling x4  
  124  10:04  Zergling x10  
  125  10:07  Hatchery  
  125  10:14  Zergling x10  
  122  10:19  Zergling x8  
  114  10:32  Zergling x6  
  114  10:34  Baneling x4  
  116  10:35  Mutalisk x2  
  116  10:37  Mutalisk  
  114  10:42  Mutalisk  
  114  10:43  Mutalisk x5  
  114  10:46  Mutalisk x2  
  115  10:55  Mutalisk  
  115  10:57  Baneling x6  
  115  10:59  Mutalisk x2  
Tags
 
Add a new tag
Caveats
  • Supply blocks, unpowered buildings, or Contaminate may cause inaccurate times.
  • Supply counts are checked every 10 seconds.